 Dungeon Crawl Stone Soup version 0.27-a0-1177-g245c70e1c0 (webtiles) character file.

Game seed: 10104060926886496387

142 Glokmah the Grasshopper (level 5, -3/39 HPs)
             Began as a Demonspawn Warper on May 16, 2021.
             Was an Initiate of Gozag.
             Slain by Terence
             ... wielding a +0 falchion
              (5 damage)
             ... on level 3 of the Dungeon.
             The game lasted 00:06:48 (3258 turns).

Glokmah the Grasshopper (Demonspawn Warper)         Turns: 3258, Time: 00:06:48

Health: -3/39      AC: 10    Str: 12    XL:     5   Next: 3%
Magic:  1/9        EV: 10    Int: 17    God:    Gozag
Gold:   271        SH:  0    Dex: 12    Spells: 7/9 levels left

rFire    . . .     SeeInvis .   a - +0 hand axe
rCold    . . .     Faith    .   (no shield)
rNeg     . . .     Spirit   .   c - +2 ring mail {Will+}
rPois    .         Reflect  .   (no helmet)
rElec    .         Harm     .   (no cloak)
rCorr    .         Rampage  .   i - +2 pair of gloves
Will     +....                  (no boots)
Stlth    +.........             (no amulet)
HPRegen  0.13/turn              (no ring)
MPRegen  0.11/turn              (no ring)

@: invisible
A: hooves 2, big brain 1
a: Renounce Religion, Potion Petition, Call Merchant, Bribe Branch


You were on level 3 of the Dungeon.
You worshipped Gozag.
Gozag was aware of your devotion.
You visited 1 branch of the dungeon, and saw 3 of its levels.

You collected 271 gold pieces.

Inventory:

Hand Weapons
 a - a +0 hand axe (weapon)
 b - a +2 antimagic short sword
Missiles
 e - 5 boomerangs of dispersal (quivered)
 g - a throwing net
 k - 38 stones
Armour
 c - a +2 ring mail of willpower (worn)
 i - a +2 pair of gloves (worn)
Scrolls
 d - a scroll of blinking
 j - a scroll of vulnerability {unknown}
Potions
 f - a potion of curing {unknown}
 h - 2 potions of degeneration {unknown}
 l - a potion of berserk rage {unknown}
 n - a potion of lignification {unknown}


   Skills:
 + Level 2.7 Fighting
 * Level 3.1 Axes
 - Level 0.8 Throwing
 + Level 1.8 Armour
 - Level 1.7 Dodging
 + Level 2.7 Spellcasting
 + Level 3.2 Translocations


You had 7 spell levels left.
You knew the following spells:

 Your Spells              Type           Power      Damage    Failure   Level
a - Blink                 Tloc           N/A        N/A       16%         2

Your spell library contained the following spells:

 Spells                   Type           Power      Damage    Failure   Level
 Gell's Gravitas          Tloc           6%         N/A       32%         3
 Lesser Beckoning         Tloc           6%         N/A       32%         3
 Teleport Other           Tloc           13%        N/A       32%         3
 Confusing Touch          Hex            2%         N/A       75%         3
 Manifold Assault         Tloc           13%        N/A       96%         5
 Petrify                  Tmut/Erth      2%         N/A       98%         4
 Metabolic Englaciation   Hex/Ice        1%         N/A       100%        5
 Yara's Violent Unravell  Hex/Tmut       1%         3d3       100%        5


Dungeon Overview and Level Annotations

Branches:
Dungeon (3/15)

Altars:
Gozag
Sif Muna

Portals:
Sewer: D:3

Annotations:
D:3 Terence


Innate Abilities, Weirdness & Mutations

You have hoof-like feet.
You have an unusually large brain. (Int +2)


Message History

The ball python is no longer distracted by gold.
The bat hits you but does no damage.
The ball python becomes distracted by the nearby gold, dreaming of imaginary riches.
The bat hits you but does no damage. The bat hits you but does no damage.
The bat hits you but does no damage. The bat barely misses you.
The bat hits you.
* * * LOW HITPOINT WARNING * * *
The bat hits you but does no damage.
You see here 11 gold pieces.
The bat closely misses you.
An adder comes into view.
The adder hisses angrily.
The bat closely misses you.
Terence asks, "Do you want it fast or slow?"
Casting: Blink (safe; 16% risk of failure)
Confirm with . or Enter, or press ? or * to list all spells.
You blink.
A quokka comes into view.
The bat hits you but does no damage.
Casting: Blink (safe; 16% risk of failure)
Confirm with . or Enter, or press ? or * to list all spells.
You blink.
The endoplasm freezes you.
You are frozen.
* * * LOW HITPOINT WARNING * * *
Terence hits you with a +0 falchion.
* * * LOW HITPOINT WARNING * * *
Casting: Blink (safe; 16% risk of failure)
Confirm with . or Enter, or press ? or * to list all spells.
You don't have enough magic to cast this spell.
Casting: Blink (safe; 16% risk of failure)
Confirm with . or Enter, or press ? or * to list all spells.
You don't have enough magic to cast this spell.
You fade into invisibility!
The bat barely misses you. The bat hits you but does no damage.
The endoplasm hits you but does no damage.
Terence hits you with a +0 falchion.
You die...
Your body crumbles into a pile of gold. ####......# #.# #.##.....##.# #. #.######.# #. ... #S# ## )... #§### #..## #...# PP#

###S#######
#..@.......
#.@b..####. ###
#.SJg..###.....
#.B....r.......
#.....########.
##.#.########
#...........#
#.#..r#####.#
## #.##.#≈$≈≈#.
..
#.##.#≈r≈≈#.# .


You could see Terence, an adder, a river rat, an endoplasm, a quokka, a giant
cockroach, a hobgoblin, a bat and a ball python.

Vanquished Creatures
  Natasha (thrice) (D:2 D:1)
  2 adders
  3 worms (D:2)
  3 dart slugs
  3 bats
  2 giant cockroaches
  8 goblins
  5 hobgoblins
  3 kobolds
  2 quokkas (D:1)
  6 ball pythons
  7 frilled lizards
  5 rats
52 creatures vanquished.

Vanquished Creatures (others)
  3 fungi (D:3)
3 creatures vanquished.

Grand Total: 55 creatures vanquished

Notes
Turn   | Place    | Note
-------+----------+-------------------------------------------
     0 | D:1      | Glokmah the Demonspawn Warper began the quest for the Orb.
     0 | D:1      | Reached XP level 1. HP: 16/16 MP: 3/3
   176 | D:1      | Reached skill level 1 in Armour
   498 | D:1      | Gained mutation: You have large cloven feet. [demonic
                  | ancestry]
   498 | D:1      | Reached XP level 2. HP: 22/22 MP: 5/5
   713 | D:1      | Found a faded altar of an unknown god.
   722 | D:1      | Became a worshipper of Gozag Ym Sagoz the Greedy
  1222 | D:1      | Reached XP level 3. HP: 26/27 MP: 6/6
  1333 | D:2      | Noticed Natasha
  1694 | D:2      | Learned a level 2 spell: Blink
  1969 | D:2      | Killed Natasha
  1970 | D:2      | Gained mutation: You have hoof-like feet. [demonic
                  | ancestry]
  1970 | D:2      | Reached XP level 4. HP: 21/34 MP: 7/7
  2234 | D:2      | Noticed Natasha
  2243 | D:2      | Killed Natasha
  2398 | D:2      | Noticed Natasha
  2414 | D:1      | Killed Natasha
  2739 | D:2      | Found a shimmering blue altar of Sif Muna.
  3145 | D:3      | Gained mutation: You have an unusually large brain. (Int
                  | +2) [demonic ancestry]
  3145 | D:3      | Reached XP level 5. HP: 33/39 MP: 9/9
  3198 | D:3      | Noticed Terence
  3217 | D:3      | Found a glowing drain.
  3258 | D:3      | Slain by Terence

Illustrated notes

Levels and vault maps discovered:
D:1:      heliophobic_arrival_enchanted_forest, layout_loops_ring,
          hellmonk_ecumenical_altar_arch_garden, minmay_domino_2
D:2:      layout_basic, basic_altar, minmay_hedge_maze, uniq_natasha
D:3:      layout_loops_ring, portal_sewer_entry_c, uniq_crazy_yiuf_cottage,
          uniq_terence, uniq_grinder

Skill      XL: |  1  2  3  4 |
---------------+-------------+-----
Armour         | 1 |  1.8
Axes           | 2 3 |  3.1
Translocations | 3 |  3.2
Fighting       | |  2.7
Throwing       | |  0.8
Dodging        | |  1.7
Spellcasting   | |  2.7

Action                   |  1- 3 |  4- 6 || total
-------------------------+-------+-------++-------
Melee: Hand axe          |   130 |    54 ||   184
       Kick              |    16 |    17 ||    33
       Short sword       |       |    13 ||    13
 Cast: Blink             |       |     4 ||     4
  Use: Scroll            |     2 |     1 ||     3
       Potion            |       |     1 ||     1
Armor: Leather armour    |    15 |       ||    15
       Ring mail         |     5 |    67 ||    72
Dodge: Dodged            |    83 |    48 ||   131

Table legend: (Time is in decaauts)
 A = Elapsed time spent in this place.
 B = Non-inter-level travel time spent in this place.
 C = Inter-level travel time spent in this place.
 D = Time resting spent in this place.
 E = Time spent auto-exploring this place.
 F = Levels seen in this place.
 G = Mean time per level.
                   A        B        C        D        E       F      G
               +--------+--------+--------+--------+--------+-----+--------+
         Total |   3302 |   3109 |    193 |    818 |   1498 |   3 | 1100.7 |
       Dungeon |   3302 |   3109 |    193 |    818 |   1498 |   3 | 1100.7 |
               +--------+--------+--------+--------+--------+-----+--------+

Top non-repeatable levels by time:
     D:1: 1746 daAuts
     D:2: 1412 daAuts
     D:3: 143 daAuts
